Map: Lerilak Crest

Players

Logos

  • Race: Zerg Zerg
  • League: Platinum

LindyHop

  • Race: Zerg Zerg
  • League: Silver

DrDrewd

  • Race: Zerg Zerg

NeuroTek

  • Race: Zerg Zerg

VOD

Have the link to the VOD?

Description

Time

  • Played on: Dec. 1, 2015, 1:29 a.m.
  • Length: 10:17
Show
View Real Time Build Order
Export as new Build Order

Logos Zerg 

Build Orders: Pool First 

Get SALT Encoding   

  12  0:02  Drone  
  13  0:10  Drone  
  14  0:17  Overlord  
  14  0:37  Drone x3  
  14  0:42  Extractor  
  16  0:49  Drone  
  17  0:53  Spawning Pool  
  16  0:59  Drone  
  17  1:20  Hatchery  
  16  1:29  Drone x2  
  18  1:36  Drone  
  19  1:44  Queen  
  21  1:51  Metabolic Boost  
  21  1:55  Zergling x2  
  22  2:01  Overlord  
  22  2:15  Baneling Nest  
  21  2:16  Drone  
  22  2:27  Drone x2  
  24  2:33  Queen  
  24  2:34  Drone  
  27  2:45  Drone  
  27  2:48  Spine Crawler  
  27  2:54  Overlord  
  27  2:57  Drone  
  28  2:59  Drone  
  28  3:04  Drone x2  
  30  3:06  Drone  
  30  3:12  Drone x2  
  33  3:18  Zergling x2  
  34  3:21  Zergling x2  
  35  3:28  Zergling x6  
  35  3:30  Zergling x2  
  39  3:40  Baneling x2  
  38  4:03  Drone x5  
  38  4:05  Overlord  
  38  4:06  Zergling x2  
  38  4:08  Overlord  
  44  4:15  Evolution Chamber  
  43  4:21  Spine Crawler  
  42  4:32  Lair  
  42  4:34  Zergling x16  
  42  4:35  Zergling x2  
  51  4:42  Zerg Melee Weapons Level 1  
  51  4:44  Drone  
  52  4:47  Overlord  
  52  5:05  Overlord, Zergling x4  
  52  5:06  Baneling x5, Zergling x4  
  52  5:07  Baneling x4  
  56  5:10  Zergling x6  
  59  5:20  Extractor  
  58  5:22  Drone  
  42  5:58  Zergling x12  
  42  5:59  Zergling x10  
  52  6:15  Spire  
  52  6:32  Drone  
  52  6:33  Hatchery  
  41  7:05  Zergling x16  
  41  7:06  Zergling x8  
  52  7:12  Extractor  
  52  7:13  Drone  
  52  7:14  Extractor  
  52  7:15  Drone x3  
  53  7:21  Zerg Melee Weapons Level 2  
  54  7:29  Zerg Flyer Weapons Level 1  
  54  7:52  Drone x3  
  54  7:53  Drone x4  
  54  7:57  Queen  
  54  7:58  Drone x2  
  65  8:06  Mutalisk x5  
  65  8:09  Mutalisk  
  65  8:11  Overlord x2  
  71  8:31  Extractor  
  71  8:32  Mutalisk, Extractor  
  71  8:33  Mutalisk  
  73  8:35  Drone  
  73  8:36  Drone  
  73  8:38  Spore Crawler  
  69  8:41  Drone x3, Spore Crawler  
  71  8:50  Mutalisk x2  
  75  8:58  Mutalisk  
  77  9:13  Mutalisk x2  
  77  9:15  Overlord  
  81  9:17  Zergling x6  
  81  9:18  Zergling x16  
  86  9:49  Drone x2  
  88  9:53  Mutalisk x5  
  88  9:55  Overlord x2  
  98  10:02  Drone  
  99  10:14  Spine Crawler  
  98  10:16  Spine Crawler  
Show
View Real Time Build Order
Export as new Build Order

LindyHop Zerg 

Build Orders: Pool First 

Get SALT Encoding   

  12  0:02  Drone  
  13  0:11  Drone  
  14  0:18  Overlord  
  14  0:34  Overlord  
  14  0:41  Spawning Pool  
  13  0:45  Drone  
  14  0:58  Extractor  
  14  1:01  Drone  
  14  1:02  Drone x2  
  16  1:27  Hatchery  
  15  1:36  Drone x2  
  17  1:45  Queen  
  19  1:54  Drone  
  20  2:00  Metabolic Boost  
  20  2:11  Zergling x2  
  20  2:12  Zergling x2  
  22  2:18  Drone  
  23  2:28  Overlord  
  23  2:34  Drone  
  24  2:44  Queen  
  24  2:48  Zergling x4  
  28  3:00  Spine Crawler  
  27  3:10  Zergling x4  
  27  3:11  Zergling x2  
  30  3:18  Evolution Chamber  
  29  3:21  Drone x3  
  29  3:23  Drone  
  33  3:39  Lair  
  33  3:41  Drone x4  
  35  3:56  Roach Warren  
  34  4:03  Zerg Ground Armor Level 1  
  34  4:14  Extractor  
  34  4:15  Spine Crawler  
  32  4:22  Pneumatized Carapace  
  32  4:35  Drone x8  
  40  4:41  Extractor  
  40  4:43  Roach x2  
  40  4:45  Overlord  
  42  4:53  Glial Reconstitution  
  42  5:04  Roach x2  
  46  5:17  Overlord, Roach  
  46  5:18  Roach  
  46  5:19  Overlord  
  50  5:34  Roach  
  52  5:36  Roach x4  
  59  5:50  Roach  
  59  5:51  Roach x3  
  59  5:53  Roach  
  54  5:58  Roach  
  56  6:09  Spine Crawler  
  55  6:27  Drone x3  
  55  6:29  Drone  
  59  6:34  Hatchery  
  57  7:13  Queen  
  59  7:19  Extractor  
  59  7:22  Drone x6  
  64  7:29  Drone x2  
  67  7:30  Drone x2  
  67  7:34  Overlord  
  67  7:35  Overlord  
  67  7:36  Overlord  
  68  7:51  Roach x3  
  70  7:57  Zerg Missile Weapons Level 1  
  58  8:34  Hydralisk Den  
  58  8:38  Zergling x12  
  58  8:39  Zergling x18  
  71  8:44  Drone x3  
  74  9:06  Drone  
  74  9:07  Drone x3  
  78  9:12  Drone  
  77  9:37  Drone  
  77  9:38  Drone x3  
  70  9:48  Hydralisk  
  70  9:49  Hydralisk x3  
  76  9:52  Spore Crawler  
  70  10:04  Spore Crawler  
  70  10:06  Spore Crawler  
Show
View Real Time Build Order
Export as new Build Order

DrDrewd Zerg 

Build Orders:  

Get SALT Encoding   

Show
View Real Time Build Order
Export as new Build Order

NeuroTek Zerg 

Build Orders:  

Get SALT Encoding   

Tags
 
Add a new tag
Caveats
  • Supply blocks, unpowered buildings, or Contaminate may cause inaccurate times.
  • Supply counts are checked every 10 seconds.